 Dungeon Crawl Stone Soup version 0.19.1 (webtiles) character file.

42 empire the Slasher (level 3, -1/24 HPs)
             Began as a High Elf Skald on Dec 21, 2016.
             Killed by nerve-wracking pain
             ... invoked by Grinder
              (10 damage)
             ... on level 4 of the Dungeon.
             The game lasted 00:03:05 (1384 turns).

empire the Slasher (High Elf Skald)                 Turns: 1384, Time: 00:03:06

Health: -1/24      AC:  4    Str: 11    XL:     3   Next: 33%
Magic:  6/8        EV: 11    Int: 15    God:
Gold:   5          SH:  0    Dex: 16    Spells: 3 memorised, 2 levels left

rFire  x . .     SeeInvis .     a - +0 falchion
rCold  + . .     Gourm    .     Z - +0 leather armour
rNeg   . . .     Faith    .     (no shield)
rPois  .         Spirit   .     (no helmet)
rElec  .         Reflect  .     (no cloak)
rCorr  .         Harm     .     X - +0 pair of gloves
MR     .....                    (no boots)
Stlth  +.........               (no amulet)
                                (no ring)
                                m - ring of ice

@: infused, very slightly contaminated
A: no striking features
a: no special abilities


You were on level 4 of the Dungeon.
You were hungry.

You visited 1 branch of the dungeon, and saw 4 of its levels.

You collected 5 gold pieces.

Inventory:

Hand Weapons
 a - a +0 falchion (weapon)
Missiles
 e - 5 javelins (quivered)
 g - 14 poisoned needles
 h - 16 bolts
 k - 2 curare-tipped needles
Armour
 X - a +0 pair of gloves (worn)
 Z - a +0 leather armour (worn)
Jewellery
 m - a ring of ice (left hand)
Scrolls
 f - 6 scrolls of remove curse {unknown}
 i - a scroll of enchant armour {unknown}
 j - a scroll of fear {unknown}
 n - a scroll of identify {unknown}
Potions
 p - a potion of ambrosia {unknown}
Books
 c - a book of Battle

   Spells                             Type                      Level
   a - Infusion                       Charms                       1
   b - Shroud of Golubria             Charms/Translocation         2
   c - Song of Slaying                Charms                       2
   d - Spectral Weapon                Hexes/Charms                 3
   e - Regeneration                   Charms/Necromancy            3
Comestibles
 d - 2 bread rations
 l - 3 chunks of flesh
 o - a royal jelly


   Skills:
 - Level 2.0 Fighting
 - Level 4.0 Long Blades
 - Level 0.8 Armour
 - Level 1.1 Dodging
 + Level 3.1 Spellcasting
 - Level 3.6 Charms


You had 2 spell levels left.
You knew the following spells:

 Your Spells              Type           Power        Failure   Level  Hunger
a - Infusion              Chrm           ##..         10%         1    #......
b - Shroud of Golubria    Chrm/Tloc      #.........   21%         2    ##.....
c - Regeneration          Chrm/Necr      #.........   38%         3    ###....


Dungeon Overview and Level Annotations

Branches:
Dungeon (4/15)
 Temple: D:4-7

Altars:

Annotations:
D:2 Sigmund
D:3 Robin
D:4 Grinder


Message History

Found a meat ration.
There is a stone staircase leading up here.
You hit the goblin.
You kill the goblin!
The goblin hits you but does no damage.
You closely miss the goblin. The goblin barely misses you.
You riposte.
You hit the goblin.
You kill the goblin!
Cast which spell? (? or * to list)
You miscast Infusion.
You are very lightly contaminated with residual magic.
Strange energies run through your body.
Casting: Infusion
Confirm with . or Enter, or press ? or * to list all spells.
You begin infusing your attacks with magical energy.
Grinder gestures at you. You resist with significant effort.
Grinder gestures at you. Pain shoots through your body!
You die...

#.........
.........
.......#.
.........
#........
#........
#.######).......
.......<@5.%....
..#.##.#).#.....
#.#..# ...
#.#..# + #.#..#
#.#..# #.#..#
#.#..#


You could see Grinder.

Vanquished Creatures
  An ooze (D:1)
  2 dart slugs (D:1)
  3 leopard geckos
  5 goblins
  7 hobgoblins
  A kobold (D:1)
  6 bats
  A frilled lizard (D:1)
  2 rats
28 creatures vanquished.

Notes
Turn   | Place    | Note
-------+----------+-------------------------------------------
     0 | D:1      | empire the High Elf Skald began the quest for the Orb.
     0 | D:1      | Reached XP level 1. HP: 14/14 MP: 4/4
   244 | D:1      | Reached skill level 3 in Long Blades
   254 | D:1      | Reached XP level 2. HP: 16/19 MP: 6/6
   629 | D:1      | Reached skill level 4 in Long Blades
   932 | D:1      | Reached XP level 3. HP: 24/24 MP: 8/8
  1320 | D:2      | Learned a level 2 spell: Shroud of Golubria
  1324 | D:2      | Learned a level 3 spell: Regeneration
  1336 | D:2      | Noticed Sigmund
  1368 | D:3      | Noticed Robin
  1379 | D:4      | Noticed Grinder
  1384 | D:4      | Killed from afar by Grinder

Skill      XL: |  1  2  3 |
---------------+----------+-----
Long Blades    | 3 4 |  4.0
Spellcasting   | 3 |  3.1
Fighting       | |  2.0
Armour         | |  0.8
Dodging        | |  1.1
Charms         | |  3.6

Action                   || total
-------------------------++-------
Melee: Falchion          ||    94
 Cast: Infusion          ||     1
 Stab: Sleeping          ||     1
  Eat: Chunk             ||     1
Armor: Leather armour    ||    35
Dodge: Dodged            ||    61
       Rpst.: Falchion   ||    20
